 Dungeon Crawl Stone Soup version 0.31-a0-596-g831eee08f1 (webtiles) character file.

Game seed: 17425926654598937308

10784 Pooter the Cleaver (level 11, -5/101 HPs)
             Began as a Minotaur Berserker on Aug 21, 2023.
             Was a Priest of Trog.
             Killed from afar by an ice statue (38 damage)
             ... with a bolt of cold
             ... on level 9 of the Dungeon.
             The game lasted 00:56:01 (13055 turns).

Pooter the Cleaver (Minotaur Berserker)            Turns: 13055, Time: 00:56:02

Health: -5/101     AC: 14    Str: 28    XL:     11   Next: 40%
Magic:  10/10      EV:  8    Int:  4    God:    Trog [***...]
Gold:   427        SH:  0    Dex: 11    Spells: 10/10 levels left

rFire   . . .        a - +0 battleaxe (heavy)
rCold   . . .        (shield currently unavailable)
rNeg    . . .        y - +0 plate armour
rPois   .            (helmet restricted)
rElec   .            G - scarf {harm}
rCorr   +            B - +2 pair of gloves {Str+3}
SInv    .            (no boots)
Will    ++...        m - amulet of faith {!P} Stlth
                     C - ring of resist corrosion
HPRegen 1.36/turn    (no ring)
MPRegen 0.12/turn

%: harm (+30% outgoing, +20% incoming), faith
@: strong-willed, on berserk cooldown, regenerating, slowed, very slow
A: horns 2, retaliatory headbutt
a: Renounce Religion, Berserk, Trog's Hand


You were on level 9 of the Dungeon.
You worshipped Trog.
Trog was most pleased with you.
You visited 1 branch of the dungeon, and saw 9 of its levels.
You also visited: Sewer.

You collected 614 gold pieces.
You spent 187 gold pieces at shops.

Inventory:

Hand Weapons
 a - a +0 heavy battleaxe (weapon)
   (You found it on level 7 of the Dungeon)
 b - a +1 orcbow
   (You took it off a centaur on level 5 of the Dungeon)
 e - a +0 dire flail
   (You took it off an orc wizard on level 7 of the Dungeon)
 s - a +0 trident
   (You found it on level 3 of the Dungeon)
 v - a +3 great sword of holy wrath
   (You took it off an orc warrior on level 7 of the Dungeon)
 x - a +1 mace of draining
   (You took it off an orc on level 2 of the Dungeon)
 z - a +2 falchion of holy wrath
   (You found it in a sewer)
 D - a +3 flail of protection
   (You took it off an orc priest on level 4 of the Dungeon)
 J - a +0 hand axe
Missiles
 g - 11 poisoned darts
 h - a throwing net {!f}
 r - 12 boomerangs (quivered)
 Q - 110 stones
Armour
 y - a +0 plate armour (worn)
   (You took it off an orc warrior on level 7 of the Dungeon)
 B - a +2 pair of gloves of strength (worn)
   (You bought it in a shop on level 3 of the Dungeon)
 G - a scarf of harm (worn)
   (You found it on level 7 of the Dungeon)
 I - a +1 chain mail of poison resistance
   (You took it off an orc warrior on level 8 of the Dungeon)
Jewellery
 m - an amulet of faith (around neck) {!P}
   (You found it on level 2 of the Dungeon)
 C - a ring of resist corrosion (left hand)
   (You found it on level 1 of the Dungeon)
Wands
 f - a wand of flame (3)
   (You found it on level 3 of the Dungeon)
 u - a wand of paralysis (1)
   (You took it off Maggie on level 8 of the Dungeon)
 L - a wand of mindburst (7)
   (You found it on level 8 of the Dungeon)
 M - a wand of quicksilver (12)
   (You found it on level 8 of the Dungeon)
Scrolls
 i - a scroll of blinking
 j - 2 scrolls of noise {!r}
 p - 2 scrolls of vulnerability {!r}
 t - 2 scrolls of teleportation {@r4}
 A - a scroll of silence
 K - a scroll of immolation {!r}
Potions
 c - 4 potions of lignification {unknown}
 d - 7 potions of curing {@q1}
 k - 2 potions of enlightenment
 l - a potion of attraction {unknown}
 n - a potion of might {unknown}
 o - 4 potions of heal wounds {unknown}
 q - a potion of invisibility {unknown}
 w - a potion of mutation {unknown}
 E - a potion of degeneration {unknown}
 F - a potion of haste {unknown}
Miscellaneous
 H - a sack of spiders
   (You found it on level 7 of the Dungeon)


   Skills:
 + Level 10.3 Fighting
 * Level 14.1 Axes
 * Level 12.4 Ranged Weapons
 - Level 2.4 Armour
 - Level 2.1 Dodging
 - Level 0.3 Stealth


You had 10 spell levels left.
You didn't know any spells.
Your spell library was empty.

Dungeon Overview and Level Annotations

Branches:
Dungeon (9/15) Zot: 25744  Temple (0/1) D:5            Lair (0/5) D:8
  Sewer (visited)
    Orc: D:9-12

Altars:
Ashenzari
Makhleb
Okawaru
Wu Jian

Shops:
D:3 [

Annotations:
D:9 exclusion: ice statue


Innate Abilities, Weirdness & Mutations

You have a pair of horns on your head.
You reflexively headbutt those who attack you in melee.


Message History

Your skin crawls.
You feel strong-willed.
The ice statue gestures.
A red film seems to cover your vision as you go berserk!
You feel yourself moving faster!
You feel mighty!
You can no longer call in reinforcements.
The ice statue gestures at you.
You feel a strong urge to attack something.
You are engulfed in freezing vapours.
You are engulfed in freezing vapours.
The ice statue gestures at you.
The freezing blast engulfs you but does no damage.
You feel your anger nearly subside.
You are engulfed in freezing vapours.
The ice statue glitters chillingly in the dim dungeon light.
The ice statue gestures at you. The bolt of cold hits you!!
You are engulfed in freezing vapours.
You are no longer berserk.
You are exhausted.
You feel yourself slow down.
The ice statue gestures.
The ice beast barely misses you. Why would you want to do that?
Unknown command.
Unknown command.
Why would you want to do that? The ice beast barely misses you.
You furiously retaliate!
You headbutt the ice beast!
Unknown command.
The ice statue gestures at you.
The freezing blast engulfs the ice beast.
The ice beast completely resists.
The ice beast attacks as it pursues you!
The ice beast hits you. The ice beast freezes you.
The ice beast attacks as it pursues you!
The ice beast closely misses you. You furiously retaliate!
You headbutt the ice beast.
The ice beast hits you but does no damage. x2
The ice beast hits you. The ice beast freezes you!
* * * LOW HITPOINT WARNING * * *
The ice beast attacks as it pursues you!
The ice beast hits you.
* * * LOW HITPOINT WARNING * * *
The ice beast freezes you!
* * * LOW HITPOINT WARNING * * *
The ice statue gestures at you.
The bolt of cold hits the ice beast.
The ice beast completely resists.
The bolt of cold hits you!!
You die...

#.#
#.....##.#.#
#.#
#.....##.#.##
#.#
#≈≈≈≈≈##.#..#
##'##
#≈≈8○≈##.##.###
#...###
#≈°°≈≈##.##...#
#...+.#
#.○°○.##...##.#
#...#.#
#..YY.##.#....#
###...#
#.....##.....>#
###.###
#...@.###.#####
#...#
#.....###.#
#.###
#⌠...⌠##..#
######## #.#
###......##
#....... #.#
########
#.###### #.#
#.#....# #.#
#.#.##.# #.#
#.#.#.<# #.#
#.#.#..#


You could see an ice statue and 2 ice beasts.

Vanquished Creatures
  A cyclops (D:7)
  An unseen horror (D:7)
  Maggie (D:8)
  A kobold demonologist (D:8)
  4 trolls
  Prince Ribbit (D:6)
  A hornet (D:7)
  Sigmund (D:4)
  A shadow (D:7)
  3 wyverns
  A basilisk (D:7)
  16 yaks
  A wraith (D:9)
  4 steam dragons
  An acid dragon (D:9)
  A water moccasin (D:5)
  4 black bears
  2 orc warriors
  3 sky beasts
  4 ice beasts
  3 centaurs
  2 phantoms (D:5)
  6 bullfrogs
  3 gnoll sergeants
  3 scorpions
  11 wights
  4 howler monkeys
  4 hounds
  6 orc priests
  4 jellies
  A sleepcap (D:6)
  Jessica (D:3)
  6 iguanas
  11 orc wizards
  7 gnolls
  5 river rats (D:4)
  15 adders
  2 shadow imps
  2 white imps
  3 ufetubi
  8 worms
  2 dart slugs
  33 orcs
  20 ball pythons
  6 bats
  16 endoplasms
  11 giant cockroaches
  11 goblins
  8 hobgoblins
  6 quokkas
  11 frilled lizards
  7 kobolds
  7 rats
297 creatures vanquished.

Notes
Turn   | Place    | Note
-------+----------+-------------------------------------------
     0 | D:1      | Pooter the Minotaur Berserker began the quest for the Orb.
     0 | D:1      | Reached XP level 1. HP: 19/19 MP: 0/0
   170 | D:1      | Found a faded altar of an unknown god.
   273 | D:1      | Reached XP level 2. HP: 27/27 MP: 1/1
   278 | D:1      | Reached skill level 4 in Axes
   344 | D:1      | Reached skill level 1 in Ranged Weapons
   588 | D:1      | Reached XP level 3. HP: 30/33 MP: 2/2
   924 | D:2      | Reached ** piety under Trog
  1577 | D:2      | Reached XP level 4. HP: 34/40 MP: 3/3
  1931 | D:3      | Found Yleheos's Antique Armour Shop.
  2022 | D:2      | Reached skill level 5 in Axes
  2080 | D:3      | Reached XP level 5. HP: 46/46 MP: 4/4
  2339 | D:3      | Noticed Jessica
  2348 | D:3      | Killed Jessica
  2555 | D:4      | Reached XP level 6. HP: 55/55 MP: 5/5
  2558 | D:4      | Reached skill level 6 in Axes
  2669 | D:4      | Reached skill level 5 in Fighting
  2732 | D:4      | Found a glowing drain.
  2736 | D:4      | Reached *** piety under Trog
  2744 | Sewer    | Entered a sewer
  3389 | Sewer    | Reached **** piety under Trog
  3410 | Sewer    | Reached XP level 7. HP: 44/61 MP: 6/6
  3412 | Sewer    | Reached skill level 5 in Ranged Weapons
  3570 | D:3      | Bought a pair of embroidered gloves for 187 gold pieces
  3668 | D:4      | Reached skill level 7 in Axes
  3890 | D:4      | Noticed Sigmund
  3908 | D:4      | Killed Sigmund
  4094 | D:5      | Entered Level 5 of the Dungeon
  4208 | D:5      | Reached skill level 8 in Axes
  4208 | D:5      | Reached XP level 8. HP: 54/70 MP: 7/7
  4571 | D:5      | Found a staircase to the Ecumenical Temple.
  4585 | D:5      | Reached skill level 9 in Axes
  5001 | D:5      | Found an ornate altar of the Wu Jian Council.
  5703 | D:6      | Reached XP level 9. HP: 78/79 MP: 8/8
  5832 | D:6      | You fall into a shaft and drop 2 floors!
  5884 | D:8      | Noticed a kobold demonologist
  5889 | D:8      | Noticed a smoke demon
  5890 | D:8      | Noticed a hellwing
  5894 | D:8      | Killed a kobold demonologist
  5895 | D:8      | Reached skill level 10 in Axes
  6152 | D:7      | Reached skill level 11 in Axes
  6152 | D:7      | Noticed a troll
  6158 | D:7      | Killed a troll
  6171 | D:7      | Killed an unseen horror
  6171 | D:7      | Noticed a cyclops
  6172 | D:7      | Reached XP level 10. HP: 56/90 MP: 9/9
  6364 | D:6      | Reached skill level 10 in Ranged Weapons
  6398 | D:6      | Noticed Prince Ribbit
  6454 | D:6      | Killed Prince Ribbit
  7471 | D:7      | Reached skill level 12 in Axes
  7998 | D:7      | Found a burning altar of Makhleb.
  9041 | D:7      | Killed a cyclops
  9802 | D:7      | Identified the staff of the Common Good {rF+ Dex+2 Fire}
 10477 | D:8      | Reached skill level 13 in Axes
 10583 | D:8      | Found a staircase to the Lair.
 10622 | D:8      | Noticed Maggie
 10640 | D:8      | Killed Maggie
 10641 | D:8      | Reached XP level 11. HP: 41/99 MP: 10/10
 11682 | D:8      | Found a broken altar of Ashenzari.
 11761 | D:8      | Found an iron altar of Okawaru.
 12072 | D:9      | Reached skill level 10 in Fighting
 12506 | D:9      | Reached skill level 14 in Axes
 13055 | D:9      | Killed from afar by an ice statue

Illustrated notes

Levels and vault maps discovered:
D:1:      nicolae_arrival_somewhat_less_tricky_arrival, layout_loops_cross,
          basic_ecumenical_altar, minmay_misc_feat_cross, minmay_pentomino_x4
D:2:      layout_loops_ring, minmay_liquid_box
D:3:      layout_basic, serial_shops, shop, uniq_jessica
D:4:      minmay_angry_zag, layout_loops_ring, lightli_sewer_entry_pipes,
          uniq_sigmund
D:5:      layout_basic, minmay_temple_entry_glassed_door, minmay_crystal_water,
          minmay_ruined_shrine
D:6:      layout_loops_ring, hangedman_glass_teeth, uniq_prince_ribbit1
D:7:      minmay_the_grid_triangle_9x9_recursive_2
          [minmay_the_grid_triangle_9x9_prize_center,
          minmay_the_grid_triangle_9x9_cache,
          minmay_the_grid_triangle_9x9_pentomino_pain,
          minmay_the_grid_triangle_9x9_steps], layout_loops_corners,
          lemuel_coloured_pillars_altar, nicolae_ossuary_entry_false_entrances
D:8:      layout_basic, amethyst_overflow_temple_binary,
          grunt_lair_entry_orc_guard_hut, uniq_maggie
D:9:      lemuel_ice_statue, layout_basic, minmay_nine_imps

Skill      XL: |  1  2  3  4  5  6  7  8  9 10 11 |
---------------+----------------------------------+-----
Axes           | 4 5 6 8 9 11 13 14 | 14.1
Ranged Weapons | 1 2 3 4 6 8 9 11 12 | 12.4
Fighting       | 4 5 6 7 8 9 10 | 10.3
Armour         | |  2.4
Dodging        | |  2.1
Stealth        | |  0.3

Action                     |  1- 3 |  4- 6 |  7- 9 | 10-12 || total
---------------------------+-------+-------+-------+-------++-------
  Melee: Hand axe          |    44 |    30 |       |       ||    74
         Headbutt          |     6 |    22 |    34 |    34 ||    96
         Mace              |       |    17 |       |       ||    17
         Flail             |       |    91 |   219 |    94 ||   404
         Punch             |       |     1 |     1 |       ||     2
         Battleaxe         |       |       |       |    93 ||    93
         Dire flail        |       |       |       |     3 ||     3
         Great sword       |       |       |       |     2 ||     2
   Fire: Sling             |   100 |    79 |    37 |       ||   216
         Orcbow            |       |       |    38 |    71 ||   109
  Throw: Boomerang         |       |    20 |       |       ||    20
         Dart              |       |       |     4 |       ||     4
 Invoke: Berserk           |     2 |     4 |     9 |     7 ||    22
         Trog's Hand       |       |     6 |     9 |    10 ||    25
    Use: Scroll            |       |     4 |     9 |     4 ||    17
 Armour: Animal skin       |     5 |       |       |       ||     5
         Scale mail        |    33 |    13 |       |       ||    46
         Chain mail        |       |    75 |   166 |    61 ||   302
         Plate armour      |       |       |       |    93 ||    93
         Skin              |       |       |       |     1 ||     1
  Dodge: Dodged            |    54 |    78 |   104 |    83 ||   319

Table legend: (Time is in decaauts)
 A = Elapsed time spent in this place.
 B = Non-inter-level travel time spent in this place.
 C = Inter-level travel time spent in this place.
 D = Time resting spent in this place.
 E = Time spent auto-exploring this place.
 F = Levels seen in this place.
 G = Mean time per level.
                   A        B        C        D        E       F      G
               +--------+--------+--------+--------+--------+-----+--------+
         Total |  13516 |  13152 |    364 |   4655 |   5922 |  10 | 1351.6 |
       Dungeon |  12712 |  12348 |    364 |   4322 |   5685 |   9 | 1412.4 |
         Sewer |    803 |    803 |      0 |    333 |    237 |   1 |  803.0 |
               +--------+--------+--------+--------+--------+-----+--------+

Top non-repeatable levels by time:
     D:7: 3072 daAuts
     D:8: 2109 daAuts
     D:6: 1743 daAuts
     D:9: 1142 daAuts
     D:5: 1092 daAuts
     D:2: 1030 daAuts
     D:1: 918 daAuts
     D:4: 913 daAuts
   Sewer: 803 daAuts
     D:3: 689 daAuts
